 Dungeon Crawl Stone Soup version 0.28.0-53-g5a82cb258f (webtiles) character file.

Game seed: 11041338743659818580

4 MiltankisOP the Sneak (level 1, -2/10 HPs)
             Began as a Spriggan Brigand on June 15, 2022.
             Slain by a quokka (4 damage)
             ... on level 1 of the Dungeon.
             The game lasted 00:00:32 (62 turns).

MiltankisOP the Sneak (Spriggan Brigand)              Turns: 62, Time: 00:00:33

Health: -2/10      AC:  3    Str:  7    XL:     1   Next: 58%
Magic:  2/2        EV: 17    Int: 12    God:
Gold:   0          SH:  0    Dex: 16    Spells: 0/0 levels left

rFire   . . .      SeeInvis +   a - +2 dagger
rCold   . . .      Faith    .   (no shield)
rNeg    . . .      Spirit   .   b - +0 robe
rPois   .          Reflect  .   (helmet restricted)
rElec   .          Harm     .   c - +0 cloak
rCorr   .          Rampage  .   (gloves unavailable)
Will    .....                   (boots unavailable)
Stlth   +++.......              (no amulet)
HPRegen 0.03/turn               (no ring)
MPRegen 0.08/turn               (no ring)

@: very quick
A: very small, no large weapons, unfitting armour, see invisible, speed 3
a: no special abilities


You were on level 1 of the Dungeon.
You visited 1 branch of the dungeon, and saw 1 of its levels.

Inventory:

Hand Weapons
 a - a +2 dagger (weapon)
Missiles
 d - 8 poisoned darts (quivered)
 e - 2 curare-tipped darts
Armour
 b - a +0 robe (worn)
 c - a +0 cloak (worn)
Potions
 f - a potion of cancellation {unknown}
 g - a potion of curing {unknown}


   Skills:
 - Level 1.5 Fighting
 - Level 2.1 Short Blades
 - Level 2.0 Throwing
 + Level 1.9 Dodging
 + Level 6.1 Stealth


You couldn't memorise any spells.
You didn't know any spells.
Your spell library was empty.

Dungeon Overview and Level Annotations

Branches:
Dungeon (1/15)

Altars:


Innate Abilities, Weirdness & Mutations

You are very small and have problems with some larger weapons.
You are too small for most types of armour.
You have supernaturally acute eyesight. (SInv)
You cover ground extremely quickly. (Speed+++)


Message History

You kill the dart slug!
Your Stealth skill increases to level 6!
A bat and a rat come into view.
Found a scroll labelled XECLOGG GECSONYC.
There is a dry fountain here.
A goblin comes into view. It is wielding a +0 club.
Found 18 arrows.
There is a dry fountain here.
Found a stone staircase leading down.
You closely miss the quokka.
The goblin shouts!
You hear an angry hiss.
A ball python comes into view.
The quokka closely misses you.
You barely miss the quokka.
A quokka comes into view.
The quokka bites you.
There are monsters nearby!
You are too injured to fight recklessly!
The quokka closely misses you.
You hit the quokka.
The quokka is lightly wounded.
The quokka barely misses you.
You hit the quokka but do no damage.
The quokka is lightly wounded.
The quokka misses you.
You hit the quokka.
The quokka is heavily wounded.
The quokka bites you.
* * * LOW HITPOINT WARNING * * *
You closely miss the quokka.
The quokka is moderately wounded.
The quokka bites you.
* * * LOW HITPOINT WARNING * * *
You barely miss the quokka.
The quokka is moderately wounded.
The quokka misses you.
You hit the quokka.
The quokka is almost dead.
The quokka bites you.
You die...

###...# #.#.# r.#..
###.# #.#.# .⌠..#
#...# #.#.#######..⌠(
###.###
#.#.##.#8#∩#..
#.....# #.#...#...#_#
#.###.###.#..##.⌠..##
#. #.....#..##.br.8#
# ####.......#rS.##
#.......@###.#
#.#......# ...
#........# ...S.
#.#......# .......
#..#......# ..?....
#.....###... .......
#..##.# #.#. .r...##
# #.# ..#


You could see 2 quokkas, a bat and a ball python.

Vanquished Creatures
  A dart slug (D:1)
  An endoplasm (D:1)
  A rat (D:1)
3 creatures vanquished.

Notes
Turn   | Place    | Note
-------+----------+-------------------------------------------
     0 | D:1      | MiltankisOP the Spriggan Brigand began the quest for the
                  | Orb.
     0 | D:1      | Reached XP level 1. HP: 10/10 MP: 2/2
    20 | D:1      | Found a faded altar of an unknown god.
    47 | D:1      | Reached skill level 6 in Stealth
    62 | D:1      | Slain by a quokka

Illustrated notes

Levels and vault maps discovered:
D:1:      elethiomel_arrival_maze, layout_rooms, shapermc_ecumenical_altar_venn,
          minmay_pentomino_u4

Skill      XL: |  1 |
---------------+----+-----
Stealth        | 6 |  6.1
Fighting       | |  1.5
Short Blades   | |  2.1
Throwing       | |  2.0
Dodging        | |  1.9

Action                   || total
-------------------------++-------
Melee: Dagger            ||    19
Armor: Robe              ||     2
Dodge: Dodged            ||    10
